Map: Port Aleksander LE

Players

Bundaberg - Winner!

  • Race: Zerg Zerg
  • League: Master
  • Spawn Location: 11:00

Trumpet

  • Race: Protoss Protoss
  • League: Master
  • Spawn Location: 5:00

VOD

Have the link to the VOD?

Description

Time

  • Played on: Feb. 10, 2019, 3:06 a.m.
  • Length: 13:01
Show
View Real Time Build Order
Export as new Build Order

Bundaberg Zerg - Winner!

Build Orders: Hatch First, Lurkers 

Get SALT Encoding   

  12  0:01  Drone  
  13  0:13  Overlord  
  13  0:18  Drone  
  14  0:32  Drone x2  
  16  0:36  Drone  
  17  0:53  Hatchery  
  17  0:56  Drone  
  17  1:07  Drone  
  18  1:16  Spawning Pool  
  17  1:21  Extractor  
  17  1:23  Drone x2  
  18  1:38  Drone  
  19  1:55  Hatchery  
  18  2:04  Queen  
  18  2:05  Drone x3  
  23  2:16  Queen  
  25  2:23  Zergling x4  
  25  2:29  Overlord  
  27  2:32  Zergling x2  
  28  2:56  Queen  
  28  2:57  Drone  
  28  2:58  Drone x4  
  35  3:04  Overlord  
  35  3:07  Queen  
  37  3:24  Drone x7  
  44  3:39  Spore Crawler  
  42  3:46  Drone x2  
  42  3:47  Drone  
  42  3:48  Queen  
  45  3:53  Overlord  
  47  4:01  Spore Crawler  
  47  4:02  Drone  
  47  4:03  Drone x3  
  47  4:06  Overlord  
  47  4:07  Overlord  
  50  4:11  Extractor  
  50  4:13  Extractor  
  50  4:15  Lair  
  47  4:27  Drone  
  47  4:28  Drone x7  
  55  4:38  Roach Warren  
  55  4:42  Drone  
  55  4:43  Drone x4  
  59  4:54  Spore Crawler  
  58  5:00  Overlord  
  58  5:05  Drone  
  58  5:06  Drone x7  
  65  5:18  Overlord x4  
  65  5:21  Evolution Chamber  
  64  5:22  Metabolic Boost  
  64  5:24  Drone x2  
  64  5:27  Glial Reconstitution  
  66  5:36  Overlord  
  66  5:42  Extractor  
  66  5:48  Zerg Missile Weapons Level 1  
  66  5:49  Roach  
  81  5:50  Roach x7  
  81  5:55  Overlord x2  
  81  6:10  Burrow  
  81  6:14  Spore Crawler  
  81  6:17  Spore Crawler  
  77  6:20  Queen  
  77  6:21  Queen  
  77  6:22  Spore Crawler  
  77  6:25  Drone x4  
  79  6:26  Spore Crawler, Drone x6  
  79  6:27  Spore Crawler  
  86  6:34  Overlord  
  86  6:43  Spore Crawler  
  85  6:47  Spore Crawler  
  83  6:54  Hydralisk Den  
  83  6:59  Drone x6  
  83  7:00  Drone x6  
  94  7:04  Extractor  
  94  7:05  Hatchery  
  90  7:35  Queen  
  90  7:36  Queen x2  
  92  7:38  Grooved Spines  
  92  7:51  Zerg Missile Weapons Level 2  
  92  7:58  Hydralisk  
  92  7:59  Hydralisk x14  
  122  8:09  Lurker Den  
  122  8:11  Extractor  
  120  8:19  Baneling Nest  
  119  8:21  Evolution Chamber  
  119  8:23  Overlord  
  119  8:24  Overlord x6  
  118  8:41  Queen  
  118  8:46  Drone  
  118  8:47  Drone x12  
  133  8:49  Zerg Melee Weapons Level 1  
  133  8:50  Muscular Augments  
  133  8:54  Overseer  
  133  8:59  Queen  
  133  9:02  Hydralisk  
  135  9:03  Hydralisk x5  
  147  9:17  Centrifical Hooks  
  147  9:18  Hydralisk x3  
  147  9:19  Hydralisk x4  
  147  9:23  Spore Crawler  
  160  9:24  Spore Crawler  
  160  9:30  Overlord x5  
  159  9:43  Hydralisk  
  159  9:44  Hydralisk x6  
  173  9:48  Zergling x2  
  173  9:49  Zergling x6  
  176  10:00  Zergling x2  
  176  10:01  Zergling x20  
  187  10:15  Baneling, Lurker  
  187  10:16  Baneling x8  
  188  10:27  Lurker x4  
  192  10:31  Zergling x2  
  192  10:32  Zergling x14  
  200  10:40  Extractor, Infestation Pit  
  200  10:41  Extractor  
  196  10:53  Zergling x2  
  196  10:54  Hatchery, Zergling x10  
  174  11:11  Zergling x2  
  174  11:12  Zergling x38  
  191  11:19  Hive  
  190  11:26  Spire  
  186  11:33  Zergling x2  
  186  11:34  Zergling x12  
  192  11:44  Drone x3  
  192  12:02  Lurker x7  
  199  12:12  Spine Crawler x2  
  199  12:13  Spine Crawler x2  
  199  12:15  Spine Crawler, Drone x5  
Show
View Real Time Build Order
Export as new Build Order

Trumpet Protoss 

Build Orders: 1 Gate Expand, Oracle Opening, Phoenix Opening 

Get SALT Encoding   

  12  0:00  Probe  
  13  0:12  Probe  
  14  0:20  Pylon  
  14  0:24  Probe  
  15  0:34  Probe  
  16  0:42  Gateway  
  16  0:43  Probe  
  17  0:50  Assimilator  
  17  0:52  Probe  
  18  1:00  Probe  
  18  1:09  Probe  
  20  1:30  Nexus  
  20  1:39  Cybernetics Core  
  20  1:43  Probe  
  21  1:50  Assimilator  
  21  1:55  Probe  
  21  1:59  Pylon  
  22  2:07  Probe, Adept  
  23  2:19  Stargate  
  23  2:22  Probe  
  26  2:29  Warp Gate  
  26  2:34  Probe  
  26  2:36  Adept  
  29  2:38  Probe  
  30  2:46  Probe x2  
  32  2:58  Probe  
  32  3:00  Probe  
  34  3:06  Adept  
  34  3:10  Oracle  
  34  3:12  Probe  
  37  3:13  Probe  
  38  3:23  Pylon  
  38  3:26  Probe  
  42  3:30  Probe  
  42  3:33  Gateway  
  43  3:38  Probe  
  44  3:42  Probe  
  44  3:43  Adept  
  44  3:45  Phoenix  
  45  3:48  Assimilator  
  45  3:50  Probe  
  45  3:51  Assimilator  
  45  3:54  Probe  
  49  3:59  Pylon  
  49  4:04  Probe  
  49  4:06  Probe  
  49  4:07  Stargate  
  51  4:16  Pylon, Probe  
  52  4:18  Probe  
  52  4:21  Phoenix  
  53  4:28  Probe  
  53  4:30  Probe  
  57  4:35  Pylon  
  57  4:40  Probe, Adept  
  57  4:42  Probe  
  61  4:50  Phoenix  
  61  4:51  Nexus  
  61  4:53  Probe  
  61  4:55  Pylon  
  64  5:00  Probe  
  64  5:05  Probe  
  66  5:13  Probe  
  66  5:14  Phoenix  
  69  5:17  Probe  
  69  5:20  Sentry x2  
  74  5:21  Pylon  
  74  5:23  Phoenix  
  74  5:25  Probe, Robotics Facility  
  77  5:29  Probe  
  78  5:37  Probe  
  78  5:42  Pylon, Probe  
  80  5:48  Robotics Facility, Phoenix  
  83  5:50  Probe  
  83  5:55  Twilight Council, Probe  
  84  6:00  Shield Battery, Phoenix  
  84  6:07  Probe x2  
  88  6:12  Probe  
  88  6:13  Immortal  
  89  6:19  Probe  
  89  6:20  Probe  
  89  6:24  Probe  
  96  6:31  Forge  
  96  6:32  Probe x2  
  98  6:38  Pylon  
  98  6:39  Phoenix  
  101  6:40  Pylon, Phoenix  
  101  6:47  Probe x2  
  104  6:48  Probe  
  104  6:53  Templar Archives  
  105  6:56  Gateway, Phoenix  
  105  7:00  Gateway  
  105  7:02  Immortal  
  107  7:09  Photon Cannon  
  107  7:15  Probe x2  
  113  7:16  Immortal  
  113  7:17  Assimilator  
  113  7:19  Assimilator  
  113  7:21  Probe  
  113  7:22  Pylon  
  118  7:27  Probe  
  117  7:33  Immortal, Probe  
  117  7:34  Protoss Ground Weapons Level 1  
  118  7:38  Probe  
  123  7:48  Probe x2  
  123  7:51  Immortal, Probe  
  125  7:58  Gateway  
  130  8:00  Probe x2, Gateway  
  130  8:01  Gateway  
  130  8:03  Gateway  
  132  8:06  Immortal  
  132  8:07  Probe  
  135  8:15  Probe  
  136  8:21  Gateway  
  136  8:24  Gateway, Observer, Oracle  
  136  8:25  Gateway  
  137  8:34  Psionic Storm  
  137  8:35  Probe x2  
  139  8:42  Observer  
  139  8:46  Probe  
  141  8:49  Pylon  
  141  8:57  Pylon  
  141  8:58  Pylon  
  141  9:03  Nexus  
  141  9:05  Pylon  
  141  9:07  Immortal, Probe x2  
  141  9:08  High Templar  
  149  9:15  Warp Prism  
  151  9:18  Gateway  
  151  9:19  Gateway x2  
  151  9:25  High Templar x3  
  151  9:26  High Templar x2  
  158  9:38  Zealot x2  
  158  9:39  Zealot x3  
  158  9:40  Immortal  
  168  9:45  Photon Cannon  
  168  9:46  Photon Cannon  
  172  9:54  Shield Battery  
  172  9:55  Photon Cannon  
  172  10:02  Photon Cannon  
  172  10:03  Photon Cannon  
  172  10:04  Pylon  
  172  10:08  Immortal  
  172  10:11  Pylon  
  170  10:15  Zealot x4  
  170  10:16  Pylon, Immortal  
  184  10:27  Zealot x3  
  184  10:28  Zealot x3  
  196  10:38  Assimilator  
  196  10:42  Assimilator  
  196  10:44  Zealot x3  
  196  10:49  Fleet Beacon  
  134  11:14  High Templar x4  
  134  11:16  Immortal x2  
  123  11:19  Zealot x2  
  123  11:20  High Templar x3  
  139  11:29  Archon  
  119  11:40  Zealot x2, High Templar  
  119  11:41  Zealot x3  
  131  11:47  Pylon  
  131  11:55  Zealot x2  
  131  11:56  Zealot x3  
  141  12:05  Pylon, Observer  
  141  12:06  Pylon  
  141  12:07  Pylon x2  
  142  12:17  Observer  
  143  12:30  High Templar x3  
  143  12:31  Zealot, High Templar  
  143  12:32  Zealot x2  
  157  12:37  Zealot  
  145  12:46  Archon x2  
Tags
 
Add a new tag
Caveats
  • Supply blocks, unpowered buildings, or Contaminate may cause inaccurate times.
  • Supply counts are checked every 10 seconds.